 Dungeon Crawl Stone Soup version 0.28.0-45-g0d030f2227 (webtiles) character file.

Game seed: 9513962917261098092

135 pkoi the Ruffian (level 4, -5/36 HPs)
             Began as a Demigod Gladiator on Apr 25, 2022.
             Slain by Crazy Yiuf
             ... wielding a +3 quarterstaff of chaos
              (11 damage)
             ... on level 2 of the Dungeon.
             The game lasted 00:03:50 (3689 turns).

pkoi the Ruffian (Demigod Gladiator)                Turns: 3689, Time: 00:03:50

Health: -5/36      AC:  4    Str: 19    XL:     4   Next: 66%
Magic:  1/6        EV: 17    Int: 10    God:
Gold:   86         SH:  0    Dex: 15    Spells: 3/3 levels left

rFire   . . .      SeeInvis .   m - +0 dagger (venom)
rCold   + . .      Faith    .   (no shield)
rNeg    . . .      Spirit   .   a - +0 leather armour
rPois   .          Reflect  .   b - +0 helmet
rElec   .          Harm     .   (no cloak)
rCorr   .          Rampage  .   (no gloves)
Will    .....                   (no boots)
Stlth   +.........              (no amulet)
HPRegen 0.12/turn               k - ring of protection from cold
MPRegen 0.10/turn               (no ring)

@: agile, invisible
A: high MP 1, forlorn, divine attributes
a: no special abilities


You were on level 2 of the Dungeon.
You visited 1 branch of the dungeon, and saw 2 of its levels.

You collected 86 gold pieces.

Inventory:

Hand Weapons
 g - a +0 club
 j - a +0 short sword
 l - a +0 rapier
 m - a +0 dagger of venom (weapon)
 p - a +2 dagger of speed
Missiles
 c - 3 throwing nets (quivered)
 i - 3 javelins
Armour
 a - a +0 leather armour (worn)
 b - a +0 helmet (worn)
Magical Staves
 q - a staff of conjuration
Jewellery
 k - a ring of protection from cold (left hand)
 o - an amulet of the acrobat
Scrolls
 e - 2 scrolls of teleportation {unknown}
 h - a scroll of magic mapping
Potions
 d - a potion of flight
 f - a potion of heal wounds
 n - a potion of brilliance


   Skills:
 - Level 1.7 Fighting
 - Level 1.7 Throwing
 - Level 2.6 Dodging
 + Level 5.2 Unarmed Combat


You had 3 spell levels left.
You didn't know any spells.
Your spell library contained the following spells:

 Spells                   Type           Power      Damage    Failure   Level
 Pain                     Necr           0%         1d4       41%         1
 Agony                    Necr           0%         N/A       100%        5
 Excruciating Wounds      Necr           0%         N/A       100%        5


Dungeon Overview and Level Annotations

Branches:
Dungeon (2/15)

Shops:
D:2 (

Annotations:
D:2 Crazy Yiuf


Innate Abilities, Weirdness & Mutations

You have an increased reservoir of magic. (+10% MP)
You shall have no god before yourself.
Your divine heritage dramatically boosts your attributes as you level up.


Message History

Found a mace.
Found a mace.
Found a runed translucent door.
Crazy Yiuf shouts!
Crazy Yiuf screams, "Papa!"
An endoplasm comes into view.
An endoplasm is nearby!
The helpless endoplasm fails to defend itself.
You hit the endoplasm.
You kill the endoplasm!
Key pressed, stopping explore.
There is an entrance to Qustromo's Weapon Emporium here.
You see here a +0 dagger.
Key pressed, stopping explore.
Crazy Yiuf shouts!
You open the door. You hit Crazy Yiuf but do no damage.
Crazy Yiuf completely misses you.
You barely miss Crazy Yiuf. Crazy Yiuf barely misses you.
You barely miss Crazy Yiuf.
Crazy Yiuf hits you with a +3 quarterstaff of chaos!
You fade into invisibility!
You hit Crazy Yiuf.
Crazy Yiuf is lightly wounded.
Crazy Yiuf closely misses you.
You hit Crazy Yiuf but do no damage. Your punch misses Crazy Yiuf.
Crazy Yiuf is lightly wounded.
Crazy Yiuf closely misses you.
You hit Crazy Yiuf but do no damage.
Crazy Yiuf is poisoned.
Crazy Yiuf is lightly wounded.
Crazy Yiuf hits you with a +3 quarterstaff of chaos!
* * * LOW HITPOINT WARNING * * *
You feel your power leaking away.
You hit Crazy Yiuf.
Crazy Yiuf is moderately wounded.
Crazy Yiuf hits you with a +3 quarterstaff of chaos!
* * * LOW HITPOINT WARNING * * *
You feel agile all of a sudden.
You hit Crazy Yiuf but do no damage.
Crazy Yiuf is moderately wounded.
Crazy Yiuf hits you with a +3 quarterstaff of chaos!
You die...

#####...##............##....
#.................###...
##..#..#..........# ###.
###############..#####. #..#.....
### #######....#### ########.#
###**###.#...#........ .........#
#...##..#......##....# .........#
#...g@####......####.. .........#
#)..### ##).#..####.. ........##
###** #####....#.. ...รท.....#
#####.#.. .<....<..# #........
.........# #### ####..##.#..
.........# ##..# #.....##)#..
........)### #...# #.....##.#..
...........#####.#.###.....##....


You could see Crazy Yiuf (very poisoned).

Vanquished Creatures
  A jelly (D:2)
  Robin (D:1)
  2 adders (D:2)
  2 worms (D:2)
  2 dart slugs (D:2)
  6 ball pythons
  6 bats
  5 endoplasms
  2 giant cockroaches
  14 goblins
  5 hobgoblins
  4 jackals (D:1)
  5 kobolds
  3 quokkas (D:2)
  5 frilled lizards
  2 rats
65 creatures vanquished.

Vanquished Creatures (others)
  3 bushes (D:2)
  4 fungi (D:2)
  8 plants (D:2)
15 creatures vanquished.

Grand Total: 80 creatures vanquished

Notes
Turn   | Place    | Note
-------+----------+-------------------------------------------
     0 | D:1      | pkoi the Demigod Gladiator began the quest for the Orb.
     0 | D:1      | Reached XP level 1. HP: 17/17 MP: 3/3
   100 | D:1      | Reached skill level 3 in Unarmed Combat
   282 | D:1      | Reached XP level 2. HP: 21/24 MP: 4/4
  1253 | D:2      | Noticed Robin
  1258 | D:1      | Reached XP level 3. HP: 24/29 MP: 5/5
  1524 | D:2      | Reached skill level 4 in Unarmed Combat
  1715 | D:2      | Found Qustromo's Weapon Emporium.
  2190 | D:1      | Killed Robin
  2191 | D:1      | Reached XP level 4. HP: 19/36 MP: 6/6
  2502 | D:2      | Reached skill level 5 in Unarmed Combat
  3546 | D:2      | Found a runed translucent door.
  3547 | D:2      | Noticed Crazy Yiuf
  3689 | D:2      | Slain by Crazy Yiuf

Illustrated notes

Levels and vault maps discovered:
D:1:      erik_arrival_triangle_medium, layout_basic
D:2:      layout_rooms, shapermc_ecumenical_altar_mp_urbaneastern, serial_shops,
          shop, minmay_hedge_maze, minmay_misc_feat_diagonals,
          minmay_randomly_rotated_circles, uniq_robin, uniq_crazy_yiuf_cottage

Skill      XL: |  1  2  3  4 |
---------------+-------------+-----
Unarmed Combat | 3 4 5 |  5.2
Fighting       | |  1.7
Throwing       | |  1.7
Dodging        | |  2.6

Action                   |  1- 3 |  4- 6 || total
-------------------------+-------+-------++-------
Melee: Unarmed           |   149 |    12 ||   161
       Punch             |     2 |     3 ||     5
       Dagger            |       |    62 ||    62
  Use: Scroll            |     7 |     1 ||     8
       Potion            |       |     2 ||     2
 Stab: Sleeping          |     1 |     1 ||     2
Armor: Leather armour    |    45 |    18 ||    63
Dodge: Dodged            |    91 |    51 ||   142
